 Dungeon Crawl Stone Soup version 0.18-a0-1120-g03bd624 (webtiles) character file.

2158 Trivium the Cleaver (level 9, -1/75 HPs)
             Began as a Hill Orc Fighter on Jan 17, 2016.
             Was a Priest of Okawaru.
             Killed by divine providence
             ... invoked by an orc priest
              (15 damage)
             ... on level 6 of the Dungeon.
             The game lasted 00:09:29 (6960 turns).

Trivium the Cleaver (Hill Orc Fighter)              Turns: 6960, Time: 00:09:29

Health: -1/75      AC: 14    Str: 21    XL:     9   Next: 31%
Magic:  9/9        EV:  7    Int:  8    God:    Okawaru [***...]
Gold:   253        SH:  0    Dex: 11    Spells: 0 memorised, 8 levels left

rFire  . . .     SeeInvis .     z - +1 war axe (freeze)
rCold  . . .     Gourm    .     e - +0 chain mail
rNeg   . . .     Faith    .     c - +0 shield
rPois  .         Spirit   .     r - +1 helmet
rElec  .         Dismiss  .     (no cloak)
rCorr  .         Reflect  .     (no gloves)
SustAt +         Harm     .     i - +0 pair of boots
MR     .....                    (no amulet)
Stlth  ..........               (no ring)
                                d - ring of sustain attributes

@: confused, not resistant to hostile enchantments, extremely unstealthy
A: no striking features
a: Heroism, Renounce Religion, Convert to Beogh


You were on level 6 of the Dungeon.
You worshipped Okawaru.
Okawaru was most pleased with you.
You were not hungry.

You visited 2 branches of the dungeon, and saw 8 of its levels.

You collected 253 gold pieces.

Inventory:

Hand Weapons
 a - a +0 war axe
 z - a +1 war axe of freezing (weapon)
Armour
 b - a +0 scale mail
 c - a +0 shield (worn)
 e - a +0 chain mail (worn)
 i - a +0 pair of boots (worn)
 r - a +1 helmet (worn)
Jewellery
 d - a ring of sustain attributes (left hand)
 v - an uncursed amulet of the gourmand
 B - an uncursed amulet of guardian spirit {unknown}
 C - a +4 ring of strength {unknown}
Wands
 q - a wand of confusion (0/48)
Scrolls
 j - 2 scrolls of recharging {unknown}
 m - a scroll of teleportation
 o - a scroll of noise {unknown}
 p - a scroll of remove curse {unknown}
 t - 3 scrolls of enchant armour {unknown}
 x - a scroll of magic mapping {unknown}
 y - a scroll of immolation {unknown}
 D - a scroll of random uselessness {unknown}
Potions
 h - a potion of agility
 k - a potion of resistance
 l - a potion of haste
 s - a potion of lignification
 w - a potion of heal wounds
 E - a potion of ambrosia {unknown}
Comestibles
 f - 7 bread rations
 g - a slice of pizza
 n - 4 meat rations
 u - 2 beef jerkies
 A - a royal jelly


   Skills:
 + Level 6.1 Fighting
 * Level 9.8 Axes
 + Level 7.2 Armour
 + Level 3.2 Dodging
 + Level 6.1 Shields


You had 8 spell levels left.
You didn't know any spells.

Dungeon Overview and Level Annotations

Branches:
Dungeon (7/15)             Temple (1/1) D:4

Altars:
Cheibriados
Dithmenos
Elyvilon
Gozag
Kikubaaqudgha
Makhleb
Okawaru
Pakellas
Qazlal
Ru
Sif Muna
Trog
Vehumet
Xom
Yredelemnul
Zin
The Shining One

Shops:
D:6 %

Annotations:
D:6 wvc's ghost, novice NaHu


Message History

Unknown command.
You are too injured to fight recklessly!
You are too injured to fight recklessly!
Unknown command.
Unknown command.
You miss something. Something hits you but does no damage.
You hit something. You freeze something. Something hits you but does no damage.
You hit something. You freeze something.
You hear some strange, mumbled words.
A puff of flame appears from out of thin air!
The puff of flame hits you!
* * * LOW HITPOINT WARNING * * *
The orc priest shouts, "Surrender to Beogh and we'll let you live!"
Unknown command.
You barely miss something.
You hear some strange, mumbled words.
You are confused.
The orc priest invokes the aid of Beogh against you.
Something smites you!
You die...

#. #.# #.# #.#
.# #. #.# ..
#.##.# # ##
#.##.##.##.#.
#.##.@{o.....
#.##.#####.#.
#.##.# #.#
##.##.#####.#.
#............
##.##..####..
#####.# #.#
#.# #.# #.#
##.##


You could see an orc priest.

Vanquished Creatures
  The ghost of Trivium the Skirmisher, an amateur DrFi (D:4)
  A hippogriff (D:7)
  A black bear (D:7)
  2 ice beasts (D:6)
  A sky beast (D:5)
  6 ogres
  A centaur (D:5)
  3 giant frogs
  A scorpion (D:6)
  2 crimson imps
  A centaur zombie (D:5)
  2 jellies
  3 hounds
  3 worker ants
  Natasha (twice) (D:2)
  2 orc wizards
  An iguana (D:4)
  3 gnolls
  6 adders
  2 shadow imps
  2 oozes
  An adder zombie (D:6)
  An adder skeleton (D:6)
  4 worms
  A giant gecko (D:1)
  11 orcs
  8 giant cockroaches
  9 hobgoblins
  8 jackals
  9 kobolds
  2 quokkas
  2 ball pythons
  8 bats
  4 giant newts
  9 goblins
  A quokka skeleton (D:4)
  7 rats
131 creatures vanquished.

Vanquished Creatures (others)
  Natasha (D:2)
1 creature vanquished.

Grand Total: 132 creatures vanquished

Notes
Turn   | Place    | Note
--------------------------------------------------------------
     0 | D:1      | Trivium the Hill Orc Fighter began the quest for the Orb.
     0 | D:1      | Reached XP level 1. HP: 19/19 MP: 1/1
   168 | D:1      | Reached XP level 2. HP: 22/27 MP: 2/2
   429 | D:1      | Reached XP level 3. HP: 33/33 MP: 3/3
   472 | D:2      | Reached skill level 4 in Fighting
   707 | D:2      | Reached XP level 4. HP: 12/40 MP: 4/4
   964 | D:2      | Found an iron altar of Okawaru.
   987 | D:2      | Found a bloodstained altar of Trog.
   997 | D:2      | Became a worshipper of Warmaster Okawaru
  1005 | D:2      | Noticed Natasha
  1029 | D:2      | Reached skill level 1 in Dodging
  1033 | D:2      | Killed Natasha
  1309 | D:2      | Noticed Natasha
  1321 | D:2      | Killed Natasha
  1321 | D:2      | Reached XP level 5. HP: 30/47 MP: 5/5
  1529 | D:2      | Noticed Natasha
  1570 | D:2      | Killed Natasha
  2185 | D:3      | Reached XP level 6. HP: 49/53 MP: 6/6
  2383 | D:3      | Found a white marble altar of Elyvilon.
  2877 | D:4      | Found a staircase to the Ecumenical Temple.
  2923 | Temple   | Entered the Ecumenical Temple
  3160 | D:4      | Reached * piety under Okawaru
  3192 | D:4      | Noticed Trivium's ghost (amateur DrFi)
  3341 | D:4      | Killed Trivium's ghost
  3341 | D:4      | Reached skill level 5 in Axes
  3341 | D:4      | Reached skill level 5 in Shields
  3341 | D:4      | Reached XP level 7. HP: 15/60 MP: 7/7
  3648 | D:4      | Reached skill level 5 in Armour
  4162 | D:4      | Reached skill level 6 in Axes
  4314 | D:4      | You fall through a shaft for 3 floors!
  4325 | D:7      | Reached skill level 5 in Fighting
  4375 | D:7      | Noticed a hippogriff
  4386 | D:7      | Killed a hippogriff
  4386 | D:7      | Reached ** piety under Okawaru
  4386 | D:7      | Reached XP level 8. HP: 53/68 MP: 8/8
  4387 | D:7      | Reached skill level 7 in Axes
  4419 | D:6      | Found a burning altar of Makhleb.
  4419 | D:6      | Noticed wvc's ghost (novice NaHu)
  4751 | D:6      | Found a glowing silver altar of Zin.
  4834 | D:5      | Entered Level 5 of the Dungeon
  4971 | D:5      | Reached skill level 8 in Axes
  5850 | D:5      | Reached XP level 9. HP: 37/75 MP: 9/9
  6040 | D:5      | Reached skill level 9 in Axes
  6394 | D:6      | Found Mikhap's Food Emporium.
  6464 | D:6      | Reached *** piety under Okawaru
  6960 | D:6      | Killed from afar by an orc priest

Vault maps used:
D:1:      shiori_arrival_maze, minmay_cupped
D:2:      grunt_temple_overflow_open, uniq_natasha
D:3:      overflow_temple_1_default, first_bread
D:4:      minmay_temple_entry_junction
D:6:      bloody_makhleb, kennysheep_little_box, serial_shops, shop,
          ashenzari_altar_1
D:7:      gammafunk_temple_overflow_pools, kennysheep_mini_moat, serial_shops,
          shop_fountains, uniq_duvessa, uniq_crazy_yiuf_cottage
Temple:   eino_temple_water_12

Action                   |  1- 3 |  4- 6 |  7- 9 || total
-------------------------+-------+-------+-------++-------
Melee: War axe           |    91 |   237 |   220 ||   548
Evoke: Wand              |       |       |     1 ||     1
  Use: Potion            |       |     4 |     3 ||     7
       Scroll            |       |     4 |     1 ||     5
 Stab: Distracted        |       |       |     1 ||     1
  Eat: Chunk             |       |     8 |    12 ||    20
